 Dungeon Crawl Stone Soup version 0.25.1-8-g42b30a86e7 (webtiles) character file.

Game seed: 14477520234253813331

15925 Gabide the Grappler (level 12, -11/104 HPs)
             Began as a Pale Draconian Gladiator on Dec 26, 2020.
             Was a Priest of Fedhas.
             Mangled by a vault guard
             ... wielding a +0 glaive
              (20 damage)
             ... on level 13 of the Dungeon.
             The game lasted 00:47:38 (11656 turns).

Gabide the Grappler (Pale Draconian Gladiator)     Turns: 11656, Time: 00:47:39

Health: -11/104    AC: 12    Str: 22    XL:     12   Next: 5%
Magic:  14/15      EV: 17    Int:  9    God:    Fedhas [***...]
Gold:   840        SH:  0    Dex: 14    Spells: 11/11 levels left

rFire    . . .     SeeInvis .     - Unarmed
rCold    . . .     Gourm    .   (no shield)
rNeg     . . .     Faith    .   (armour unavailable)
rPois    +         Spirit   .   a - +2 hat
rElec    .         Reflect  .   B - scarf {repulsion}
rCorr    +         Harm     .   e - +1 pair of gloves
MR       +....                  (no boots)
Stlth    +.........             z - amulet "Kiph" {MR+ Regen+ Str+2}
HPRegen  0.67/turn              l - ring of resist corrosion
MPRegen  0.14/turn              m - ring of poison resistance

@: very slightly contaminated, studying Short Blades, invisible, repel missiles
A: breathe steam, unfitting armour, cold-blooded, AC +8
a: Breathe Steam, Wall of Briars, Grow Ballistomycete, Renounce Religion


You were on level 13 of the Dungeon.
You worshipped Fedhas.
Fedhas was most pleased with you.
You were near starving.

You visited 1 branch of the dungeon, and saw 13 of its levels.

You collected 840 gold pieces.

Inventory:

Hand Weapons
 F - a +2 short sword of distortion
 I - a +0 falchion of holy wrath
Missiles
 k - 22 boomerangs
 D - 2 silver javelins (quivered)
Armour
 a - a +2 hat (worn)
 e - a +1 pair of gloves (worn)
 B - a scarf of repulsion (worn)
Jewellery
 h - an uncursed amulet of faith
 l - a ring of resist corrosion (left hand)
 m - a ring of poison resistance (right hand)
 x - an uncursed amulet of the acrobat {unknown}
 z - the amulet "Kiph" (around neck) {MR+ Regen+ Str+2}
   (You found it on level 7 of the Dungeon)

   [amulet of regeneration]

   It affects your strength (+2).
   It affects your resistance to hostile enchantments.
   It increases your rate of regeneration.
 H - a +4 ring of protection {unknown}
Wands
 d - a wand of digging (2)
 g - a wand of disintegration (17)
 y - a wand of paralysis (6)
 E - a wand of iceblast (15)
Scrolls
 f - 7 scrolls of remove curse
 i - a scroll of amnesia
 o - 2 scrolls of torment
 w - a scroll of fog
 A - 5 scrolls of teleportation
Potions
 j - a potion of brilliance
 q - a potion of invisibility
 r - 4 potions of curing
 s - 3 potions of magic
 t - 3 potions of lignification
 u - a potion of stabbing
 v - a potion of might
 C - a potion of resistance
 J - a potion of haste
Books
 p - a manual of Short Blades
Comestibles
 c - 27 rations
 K - a chunk of flesh


   Skills:
 * Level 9.2 Fighting
 + Level 8.6 Throwing
 + Level 7.7 Dodging
 + Level 12.8 Unarmed Combat
 + Level 4.5 Invocations


You had 11 spell levels left.
You didn't know any spells.
Your spell library was empty.

Dungeon Overview and Level Annotations

Branches:
Dungeon (13/15)            Temple (0/1) D:7            Lair (0/6) D:8
    Orc (0/2) D:12         Vaults (0/5) D:13

Altars:
Ashenzari
Dithmenos
Fedhas
Kikubaaqudgha
Nemelex Xobeh
Okawaru
Qazlal
Ru
Trog
Xom
Yredelemnul
The Shining One

Shops:
D:10 =

Annotations:
D:10 grovkorv's ghost, journeyman KoAK


Innate Abilities, Weirdness & Mutations

You can breathe blasts of scalding, opaque steam.
Your pale cyan-grey scales are hard. (AC +8)
You cannot fit into any form of body armour.
You are cold-blooded and may be slowed by cold attacks.


Message History

Found a gate to the Vaults.
As you read the scroll of teleportation, it crumbles to dust.
You feel strangely unstable.
The centaur shouts!
You hear a shout!
The centaur warrior skeleton barely misses you.
The centaur shouts!
The centaur shouts!
The slime creature quivers.
You hear a howl!
The centaur hits you.
* * * LOW HITPOINT WARNING * * *
The centaur warrior skeleton misses you.
Found a rapier.
The centaur hits you but does no damage.
Your surroundings suddenly seem different.
The vault guard shouts!
A bullfrog skeleton comes into view.
The vault guard hits you with a +0 glaive!!
You die...
Fedhas appreciates your contribution to the ecosystem.

#..# ##p##
...# #..##
##.. ##..#
#. ##.# .
.# .# .#
####.####
#.@p....#
#.........
#.$.....##
........#
.........#
.......####
.......Z.
.........##


You could see a vault guard and a bullfrog skeleton (wandering).

Vanquished Creatures
  A vault guard (D:13)
  A hydra (D:12)
  3 two-headed ogres
  Urug (D:11)
  Sonja (D:10)
  An unseen horror (D:8)
  Pikel (D:6)
  A cyclops (D:12)
  A manticore (D:11)
  Joseph (D:7)
  A centaur zombie (D:13)
  2 gargoyles
  2 trolls
  2 hornets (D:10)
  3 hippogriffs
  A vampire (D:13)
  3 spriggans (D:10)
  6 yaks (D:8)
  A steam dragon (D:10)
  An acid dragon (D:12)
  2 water moccasins
  4 orc warriors
  4 phantoms
  2 sky beasts
  An eye of draining (D:8)
  2 ogres
  3 black bears
  2 ice beasts
  2 slaves (D:6)
  A necrophage (D:3)
  2 centaurs (D:13)
  3 crocodiles
  9 bullfrogs
  2 scorpions (D:4)
  A water moccasin skeleton (D:4)
  4 wights
  3 howler monkeys
  5 crimson imps
  A bullfrog zombie (D:11)
  2 jellies
  14 orc wizards
  5 hounds
  5 orc priests
  4 centaur skeletons
  A bullfrog skeleton (D:8)
  Ijyb (D:4)
  2 worker ants (D:8)
  6 iguanas
  2 hound zombies
  2 hound skeletons
  A worker ant zombie (D:6)
  4 gnolls
  16 adders
  A howler monkey skeleton (D:6)
  5 oozes
  2 adder zombies
  3 worms
  4 dart slugs
  3 leopard geckos
  32 orcs
  A ball python (D:4)
  8 bats
  4 giant cockroaches
  5 hobgoblins
  11 jackals
  8 quokkas
  5 frilled lizards
  12 goblins
  7 kobolds
  A quokka skeleton (D:4)
  7 rats
271 creatures vanquished.

Vanquished Creatures (collateral kills)
  An unseen horror (D:12)
  A slave (D:6)
  A crocodile (D:8)
  3 orcs (D:12)
  2 ballistomycete spores (D:12)
8 creatures vanquished.

Vanquished Creatures (others)
  A tengu warrior (D:13)
  2 orcs (D:6)
  2 fungi (D:10)
  4 plants (D:10)
9 creatures vanquished.

Grand Total: 288 creatures vanquished

Notes
Turn   | Place    | Note
-------+----------+-------------------------------------------
     0 | D:1      | Gabide the Draconian Gladiator began the quest for the Orb.
     0 | D:1      | Reached XP level 1. HP: 17/17 MP: 1/1
   274 | D:1      | Reached XP level 2. HP: 23/24 MP: 2/2
   876 | D:1      | Reached XP level 3. HP: 29/30 MP: 3/3
   911 | D:1      | You fall into a shaft and drop 1 floor!
  1244 | D:1      | Reached skill level 4 in Unarmed Combat
  1360 | D:2      | Found a blossoming altar of Fedhas.
  1368 | D:2      | Became a worshipper of Fedhas Madash
  1552 | D:2      | Reached XP level 4. HP: 37/37 MP: 4/4
  1978 | D:3      | Reached * piety under Fedhas
  2105 | D:3      | Reached skill level 5 in Unarmed Combat
  2105 | D:3      | Reached XP level 5. HP: 38/42 MP: 5/5
  2671 | D:3      | Reached skill level 6 in Unarmed Combat
  2817 | D:3      | Reached XP level 6. HP: 42/50 MP: 6/6
  3333 | D:4      | Noticed Ijyb
  3346 | D:4      | Killed Ijyb
  3436 | D:4      | Found an iron altar of Okawaru.
  3458 | D:4      | Reached skill level 7 in Unarmed Combat
  3458 | D:4      | Your scales start taking on a pale cyan-grey colour.
  3458 | D:4      | Reached XP level 7. HP: 53/55 MP: 7/7
  3664 | D:4      | Reached ** piety under Fedhas
  4011 | D:4      | Found a glowing golden altar of the Shining One.
  4114 | D:5      | Entered Level 5 of the Dungeon
  4223 | D:5      | Reached skill level 1 in Invocations
  4752 | D:5      | Found a sacrificial altar of Ru.
  4855 | D:5      | Found a bloodstained altar of Trog.
  5032 | D:6      | Noticed Pikel
  5041 | D:6      | Killed Pikel
  5041 | D:6      | Reached skill level 8 in Unarmed Combat
  5041 | D:6      | Reached XP level 8. HP: 50/65 MP: 6/9
  5122 | D:6      | Found a basalt altar of Yredelemnul.
  5323 | D:6      | Found a stormy altar of Qazlal.
  5323 | D:6      | Found an ancient bone altar of Kikubaaqudgha.
  5888 | D:7      | Got a vibrating copper amulet
  6006 | D:7      | Reached skill level 5 in Dodging
  6081 | D:7      | Noticed Joseph
  6092 | D:7      | Killed Joseph
  6092 | D:7      | Reached skill level 5 in Fighting
  6092 | D:7      | Reached skill level 9 in Unarmed Combat
  6092 | D:7      | Reached XP level 9. HP: 73/73 MP: 11/11
  6172 | D:7      | Found a staircase to the Ecumenical Temple.
  6237 | D:7      | Reached *** piety under Fedhas
  6598 | D:8      | Noticed a gargoyle
  6610 | D:8      | Killed a gargoyle
  6821 | D:8      | Killed an unseen horror
  6821 | D:8      | Reached skill level 10 in Unarmed Combat
  7174 | D:8      | Identified the amulet "Kiph" {MR+ Regen+ Str+2} (You found
                  | it on level 7 of the Dungeon)
  7180 | D:8      | Found a shattered altar of Ashenzari.
  7632 | D:8      | Found a shimmering altar of Xom.
  7676 | D:8      | Found a sparkling altar of Nemelex Xobeh.
  7710 | D:8      | Found a staircase to the Lair.
  7723 | D:8      | Reached skill level 5 in Throwing
  7723 | D:8      | Reached XP level 10. HP: 72/83 MP: 9/12
  8089 | D:9      | Noticed a two-headed ogre
  8298 | D:8      | Killed a two-headed ogre
  8298 | D:8      | Reached skill level 11 in Unarmed Combat
  8596 | D:9      | Found a shadowy altar of Dithmenos.
  8759 | D:10     | Entered Level 10 of the Dungeon
  8794 | D:10     | Found a runed translucent door.
  8795 | D:10     | Noticed a spriggan rider
  8797 | D:10     | Identified the +5 trident of Ethereal Absolution {vorpal,
                  | MR++ Str+4 Int-2}
  8798 | D:10     | Noticed grovkorv's ghost (journeyman KoAK)
  8801 | D:10     | Found Cauwoodo's Jewellery Shop.
  9075 | D:10     | Noticed Sonja
  9106 | D:10     | Killed Sonja
  9598 | D:10     | Reached XP level 11. HP: 71/93 MP: 14/14
  9617 | D:10     | Paralysed by a hornet for 2 turns
  9791 | D:10     | Reached skill level 12 in Unarmed Combat
  9959 | D:11     | Noticed Urug
  9970 | D:11     | Killed Urug
 10406 | D:11     | Noticed a two-headed ogre
 10416 | D:11     | Killed a two-headed ogre
 10756 | D:12     | Killed an unseen horror
 10793 | D:12     | Found a staircase to the Orcish Mines.
 11027 | D:12     | Noticed a two-headed ogre
 11033 | D:12     | Killed a two-headed ogre
 11279 | D:12     | Noticed a seven-headed hydra
 11290 | D:12     | Killed a seven-headed hydra
 11594 | D:13     | Noticed a tengu warrior
 11596 | D:13     | Noticed a vault guard
 11596 | D:13     | Noticed a vault guard
 11596 | D:13     | Noticed a centaur warrior
 11597 | D:13     | Noticed a vault guard
 11612 | D:13     | Killed a tengu warrior
 11612 | D:13     | Reached XP level 12. HP: 62/104 MP: 8/15
 11635 | D:13     | Killed a vault guard
 11642 | D:13     | HP: 2/104 [vault guard/+0 long sword (22)]
 11647 | D:13     | Noticed a catoblepas
 11651 | D:13     | Found a gate to the Vaults.
 11656 | D:13     | Mangled by a vault guard

Illustrated notes

Levels and vault maps discovered:
D:1:      matt_arrival_los_fun, layout_basic
D:2:      layout_rooms, nicolae_overflow_crystal_walls
D:3:      layout_basic
D:4:      layout_cave_pods, okawaru_metal_pillars_3,
          lemuel_coloured_pillars_altar, first_ration, uniq_ijyb
D:5:      layout_cave_pods, bloody_trog, nicolae_ru_path_of_blood
D:6:      layout_basic, lemuel_crystal_altar, gammafunk_temple_overflow_statue,
          uniq_pikel
D:7:      layout_loops_ring, minmay_temple_entry_grid, grunt_ogre_cave,
          uniq_joseph
D:8:      minmay_cornered_nines, layout_loops_ring, lemuel_round_altar,
          lemuel_doored_altar, nicolae_overflow_hidden_temple,
          david_lair_generic, minmay_between
D:9:      layout_cave_pools, grunt_dithmenos_smoke_and_mirrors,
          nrook_mini_backslash, mrwooster_statue_mirror, st_stairs_4,
          serial_bayou_pond_a
D:10:     layout_loops_ring, ebering_ghost_funeral_grove, kennysheep_crisscross,
          minmay_shop_enchanted_jewellery, small_statue_intersection, uniq_sonja
D:11:     layout_roguey, uniq_urug
D:12:     layout_irregular_city, erik_orc_4
D:13:     layout_rooms, lightli_vaults_fourway_checkpoint,
          muffindrake_ghost_dual_entry

Skill      XL: |  1  2  3  4  5  6  7  8  9 10 11 |
---------------+----------------------------------+-----
Dodging        | 3 4 5 6 7 |  7.7
Unarmed Combat | 4 5 6 7 8 9 10 11 12 | 12.8
Throwing       | 2 3 5 6 8 |  8.6
Fighting       | 4 5 6 7 9 |  9.2
Invocations    | 2 3 4 |  4.5

Action                   |  1- 3 |  4- 6 |  7- 9 | 10-12 || total
-------------------------+-------+-------+-------+-------++-------
Melee: Unarmed           |   119 |   175 |   171 |   221 ||   686
       Tailslap          |    14 |    17 |    28 |    40 ||    99
       Punch             |     3 |     6 |     5 |    16 ||    30
Throw: Stone             |     2 |       |       |       ||     2
       Javelin           |       |    23 |    47 |   124 ||   194
       Throwing net      |       |       |       |    11 ||    11
       Dart              |       |       |       |    10 ||    10
       Boomerang         |       |       |       |     2 ||     2
Invok: Wall of Briars    |       |       |     4 |     7 ||    11
       Grow Ballistomyce |       |       |       |     2 ||     2
 Abil: Breathe Steam     |       |       |    34 |    62 ||    96
Evoke: Wand              |       |       |       |     1 ||     1
  Use: Scroll            |     6 |     7 |     2 |    17 ||    32
       Potion            |       |     1 |       |     8 ||     9
 Stab: Sleeping          |     1 |       |       |     1 ||     2
  Eat: Chunk             |     2 |     6 |    11 |    18 ||    37
       Ration            |       |       |     2 |       ||     2
Armor: Skin              |    25 |    52 |    53 |    68 ||   198
Dodge: Dodged            |    72 |    86 |    81 |   209 ||   448
       Repelled          |       |       |     6 |    18 ||    24
